← All builds
Air / Cortex / Economy first / OBSERVED BUILD

Standard air

Cortex Air build order · Supreme Isthmus

Economy-first air build: Aircraft Plant then Advanced Metal Extractor and Fusion Reactor, making transports and scouts for allies while transitioning into fighters and occasional bombers over the whole game.

Usually transports first (78%)

#eco #air #team support · 1506 distinct matches · 252 players · 81% of Cortex Air games · team won 46% of 1811 · Recently observed

HOW TO PLAY IT

Key timing: Aircraft Plant by 1:24

  1. Open 3 mex and wind, then drop Aircraft Plant early.
  2. Finish Aircraft Plant and start fighters for scouting and defense.
  3. Eat the Aircraft Plant once production needs outgrow it.
  4. Get Advanced Metal Extractor up to scale eco.
  5. Bring Fusion Reactor online and keep feeding transports, scouts, fighters to allies.

Phase by phase

TYPICAL OF ITS 1506 GAMES
  1. 1
  2. 2
  3. 3
PLAY THE OPENING

Follow the example game's first 6:00 step by step: what to build now, what comes next, and where it goes. At 1× it keeps pace with your own game.

  1. 1

    Up to the Aircraft Plant

    Economy
    • Metal Extractor3Mex
    • Wind Turbine4Wind
    Order
    1. Aircraft PlantAircraft Plant after 3 mex, 4 winddone ~1:26, middle half 1:14–1:35

    Some games also: energy storage (38%)

    By 1:07 in all: 3 mex · 4 wind

    The example game in this phase · 3 steps
    1. Mex ×3
    2. Wind ×3
    3. Aircraft PlantAircraft Plantdone 1:09 · typical 1:26
  2. 2

    Aircraft Plant to 5:00

    Economy
    • Metal Extractor1Mex
    • Wind Turbine9Wind
    • Wind Turbine3Wind
    Builders
    • Construction Turret2 Con turret
    • Construction Aircraft1 Con aircraft
    Army
    • Valiant5 Valiant
    • Hercules2 Light transport for allies
    • Finch2 Finch for allies
    • Finch1 Finch
    • Hephaestus1 Heavy transport for allies

    Some games also: shuriken (49%) · energy storage (45%) · converter (44%) · light transport (40%)

    By 5:00 in all: 3 mex · 1 mex · 13 wind · 3 wind · 1 energy storage · 2 con turret

    The example game in this phase · 27 steps
    1. Wind
    2. FinchFinch
    3. Wind ×2
    4. HerculesLight transportfor Geo sea
    5. FinchFinch
    6. ShurikenShuriken ×3
    7. FinchFinch ×2for Geo sea
    8. HephaestusHeavy transportfor Beach sea
    9. Wind
    10. ValiantValiant
    11. Wind
    12. Solar
    13. HerculesLight transportfor Tech
    14. Construction AircraftCon aircraft
    15. ShurikenShuriken
    16. Mex
    17. Con turret
    18. ShurikenShuriken
    19. ValiantValiant ×2
    20. Wind
    21. Wind
    22. ValiantValiant ×2
    23. Wind
    24. ValiantValiant
    25. HerculesLight transport ×2for Geo
    26. Wind
    27. ValiantValiant
  3. 3

    5:00 to 10:00

    Economy
    • Wind Turbine21Wind
    • Wind Turbine5Wind
    • Energy Converter6Converter
    Order
    1. Aircraft PlantEat Aircraft Plant
    2. Aircraft PlantAircraft Plant after 19 wind, 18 wind, 7 converterin 58% of games
    Builders
    • Construction Turret3 Con turret
    Army
    • Valiant9 Valiant

    Some games also: shuriken (47%) · fusion (38%) · con aircraft (35%) · light transport (31%)

    By 10:00 in all: 3 mex · 1 mex · 25 wind · 20 wind · 8 converter · 1 energy storage

    The example game in this phase · 164 steps
    1. ValiantValiant
    2. Con turret
    3. Wind
    4. ValiantValiant
    5. HephaestusHeavy transportfor Pond
    6. Energy storage
    7. Wind
    8. Wind
    9. Wind
    10. Converter
    11. Wind
    12. Wind
    13. Wind ×2
    14. ValiantValiant
    15. Wind
    16. Wind
    17. Wind
    18. Aircraft PlantEat Aircraft Plantreclaimed for its metal
    19. Wind
    20. Con turret
    21. Wind ×2
    22. Wind
    23. Converter
    24. Wind
    25. Wind
    26. Wind
    27. Converter
    28. Advanced Metal ExtractorT2 mexdone 7:21 · typical 6:54
    29. Wind
    30. Wind
    31. Converter
    32. Wind
    33. Advanced Metal ExtractorT2 mex
    34. Wind
    35. Advanced Metal ExtractorT2 mex ×2
    36. Wind ×6
    37. Con turret ×2
    38. Fusion ReactorFusiondone 9:49 · typical 10:53
    39. Wind ×3
    40. Con turret
    41. Aircraft PlantAircraft Plantdone 10:09
    42. Wind ×2
    43. ValiantValiant
    44. Wind
    45. ValiantValiant
    46. Wind
    47. ValiantValiant
    48. Wind
    49. Con turret
    50. ValiantValiant
    51. Con turret
    52. ValiantValiant
    53. Wind
    54. Converter
    55. ValiantValiant
    56. Wind
    57. Construction AircraftCon aircraft
    58. Converter
    59. Wind
    60. ValiantValiant
    61. Converter
    62. Wind
    63. ValiantValiant
    64. Wind
    65. ValiantValiant
    66. Converter
    67. Wind
    68. ValiantValiant
    69. Converter
    70. ValiantValiant
    71. Converter
    72. Wind
    73. Converter
    74. Con turret
    75. Converter
    76. ValiantValiant
    77. Wind
    78. Converter
    79. ValiantValiant
    80. Wind ×2
    81. ValiantValiant
    82. Converter
    83. ValiantValiant
    84. Wind
    85. Converter
    86. ValiantValiant
    87. Wind
    88. Con turret
    89. ValiantValiant
    90. Wind
    91. Converter
    92. ValiantValiant
    93. Wind
    94. Converter
    95. ValiantValiant
    96. Converter
    97. ValiantValiant
    98. Con turret
    99. ValiantValiant
    100. Converter
    101. ValiantValiant
    102. Converter
    103. FinchFinch
    104. Con turret
    105. ValiantValiant
    106. Converter
    107. ValiantValiant
    108. Wind
    109. ValiantValiant ×2
    110. Wind
    111. Con turret
    112. ValiantValiant
    113. Con turret ×2
    114. ValiantValiant
    115. Wind
    116. Con turret
    117. ValiantValiant ×2
    118. Con turret
    119. ValiantValiant
    120. Wind
    121. Con turret
    122. ValiantValiant
    123. Con turret
    124. ValiantValiant
    125. FinchFinch
    126. ValiantValiant ×2
    127. Wind
    128. ValiantValiant ×2
    129. Wind
    130. ValiantValiant ×3
    131. Wind
    132. ValiantValiant ×4
    133. FinchFinch
    134. ValiantValiant ×5
    135. Wind
    136. ValiantValiant ×6
    137. FinchFinch
    138. ValiantValiant
    139. Fusion ReactorFusion
    140. ValiantValiant
    141. Wind
    142. ValiantValiant
    143. Converter
    144. Wind
    145. ValiantValiant
    146. Wind
    147. Con turret
    148. ValiantValiant ×3
    149. Wind
    150. ValiantValiant
    151. Converter
    152. ValiantValiant
    153. Converter
    154. ValiantValiant ×2
    155. Converter
    156. FinchFinch
    157. Converter
    158. ValiantValiant ×2
    159. Converter
    160. ValiantValiant ×2
    161. Converter
    162. ValiantValiant ×2
    163. Wind
    164. ValiantValiant ×5

Counts are medians over the build's games: half of them build more, half fewer. The example game is HALF_DALLAH_HABIT's (33 OS, 04/10/2026); pick another.

Team trades

IN AT LEAST 30% OF ITS GAMES

You hand over

  • Finch2 Finch to Geo sea or Beach seafirst at 1:50 · in 96% of games
  • Hercules3 Light transport to Tech or Geo sea or Beach seafirst at 2:06 · in 99% of games
  • Hephaestus1 Heavy transport to Beach sea or Pond or Techfirst at 2:23 · in 72% of games

You get

  • Wind Turbine3 Wind from Beach sea or Geo seafirst at 1:37 · in 64% of games
  • Wind Turbine3 Wind from Beach sea or Geo sea or Pondfirst at 1:42 · in 46% of games
  • Construction Bot1 Con bot from Techfirst at 2:23 · in 88% of games
  • Advanced Construction Bot1 T2 con bot from Techfirst at 6:05 · in 96% of games

How it plays out

Typical game of this build, running totals by minute

Metal produced

010k20k30k
0:005:0010:0015:00

metal

Enemy metal destroyed

01k2k
0:005:0010:0015:00

metal

Own metal lost

01k2k3k
0:005:0010:0015:00

metal

1811 games.

Show as table
ByMetal produced: This buildEnemy metal destroyed: This buildOwn metal lost: This build
1:0039200
2:0092300
3:00145600
4:002052051
5:0027635173
6:003707102124
7:005089146167
8:006902190219
9:009284230270
10:0011758292380
11:0014356369536
12:0017069512781
13:00198597811102
14:002270412641689
15:002573618132420
WHAT THE NUMBERS SAY

Standard air play wins less than half its games, with very low combat losses and kills since the role mostly supports rather than fights.

  • + Own metal lost stays very low, only 2701 by 15:00.
  • + Metal production reaches 25740 by 15:00, a strong support economy.
  • − Team wins under half of games (47%).
  • − Enemy metal destroyed stays low at 2097 by 15:00, showing little direct impact.
THE EXAMPLE YOU ARE READING

HALF_DALLAH_HABIT

33.1 OS · 04/10/2026

Open source match ↗

8 received units · includes a constructor
172 metal received · 13338 energy received

Allied construction assistance is unknown. Timings are observations, not a promise of solo reproducibility.

Typical milestones

Aircraft Plant1:26Middle 50%: 1:14–1:35 · n=1811
Advanced Metal Extractor6:54Middle 50%: 6:27–7:26 · n=1751
Fusion Reactor10:53Middle 50%: 9:45–12:17 · n=1159

Played most by

TheGeneraI114games of this buildDad_The_Speedrunner72games of this buildHunfore62games of this buildDRM52games of this buildMilkdragon52games of this build